 Dungeon Crawl Stone Soup version 0.27-a0-1532-gca18f49f40 (webtiles) character file.

Game seed: 18145005102313747774

18 lunkers the Insei (level 2, -1/23 HPs)
             Began as a Djinni Warper on July 12, 2021.
             Slain by Jessica (2 damage)
             ... on level 2 of the Dungeon.
             The game lasted 00:02:04 (1143 turns).

lunkers the Insei (Djinni Warper)                   Turns: 1143, Time: 00:02:05

Health: -1/23      AC:  5    Str: 10    XL:     2   Next: 90%
Gold:   114        EV:  9    Int: 14    God:
                   SH:  3    Dex: 12

rFire    + + .     SeeInvis .     - Unarmed
rCold    x . .     Faith    .   g - +0 buckler
rNeg     . . .     Spirit   .   j - +0 ring mail
rPois    ∞         Reflect  .   (no helmet)
rElec    .         Harm     .   (no cloak)
rCorr    .         Rampage  .   (no gloves)
Will     .....                  (boots unavailable)
Stlth    +.........             (no amulet)
HPRegen  0.07/turn              (no ring)
MPRegen  0.00/turn              (no ring)

@: flying
A: sickness immunity, fire resistance 2, cold vulnerability 1, float, innate
caster, hp casting, extra vitality 1
a: no special abilities


You were on level 2 of the Dungeon.
You visited 1 branch of the dungeon, and saw 2 of its levels.

You collected 114 gold pieces.

Inventory:

Missiles
 c - 2 boomerangs of dispersal
 h - 19 stones (quivered)
 l - 3 boomerangs
Armour
 a - a +0 leather armour
 g - a +0 buckler (worn)
 j - a +0 ring mail (worn)
Jewellery
 i - a ring of protection from fire
Scrolls
 b - a scroll of blinking
 d - a scroll of enchant weapon {unknown}
 e - 3 scrolls of vulnerability {unknown}
 f - a scroll of teleportation {unknown}
Potions
 k - a potion of lignification {unknown}


   Skills:
 - Level 2.0 Fighting
 - Level 0.7 Throwing
 - Level 1.0 Armour
 - Level 2.1 Dodging
 * Level 3.2 Unarmed Combat
 - Level 2.4 Spellcasting


You couldn't memorise any spells.
You knew the following spells:

 Your Spells              Type           Power      Damage    Failure   Level
b - Lesser Beckoning      Tloc           4%         N/A       73%         3
c - Gell's Gravitas       Tloc           4%         N/A       73%         3
d - Teleport Other        Tloc           8%         N/A       73%         3
e - Manifold Assault      Tloc           8%         N/A       100%        5
p - Blink                 Tloc           N/A        N/A       50%         2
Your spell library was empty.

Dungeon Overview and Level Annotations

Branches:
Dungeon (2/15)

Altars:

Annotations:
D:2 Jessica


Innate Abilities, Weirdness & Mutations

You are immune to sickness and miasma.
You are immune to poison.
Your flesh is very heat resistant. (rF++)
You are vulnerable to cold. (rC-)
You float through the air rather than walking.
You learn spells naturally, not from books.
Your magical power is your life essence.
You have superior vitality. (+4 HP)


Message History

Jessica blinks!
You hit Jessica.
Jessica is moderately wounded.
Jessica barely misses you. Jessica hits you with a +0 club.
You closely miss Jessica.
Jessica is moderately wounded.
Jessica gestures wildly.
Jessica hits you with a +0 club.
* * * LOW HITPOINT WARNING * * *
Jessica hits you with a +0 club.
* * * LOW HITPOINT WARNING * * *
You aren't carrying any items that you can evoke.
Unknown command.
Throw: 5 boomerangs (disperse)
Press: ? - help, Shift-Dir - straight line, f - Jessica
Aim: Jessica, wielding a +0 club and wearing a +0 robe (moderately wounded, fast, 57% to hit)
You throw a boomerang of dispersal.
The boomerang of dispersal hits Jessica.
Jessica blinks!
Jessica is severely wounded.
Unknown command.
Throw: 4 boomerangs (disperse)
Press: ? - help, Shift-Dir - straight line, f/p - Jessica
Aim: Jessica, wielding a +0 club and wearing a +0 robe (heavily wounded, fast, 57% to hit)
You throw a boomerang of dispersal.
The boomerang of dispersal barely misses Jessica.
Jessica hits you with a +0 club.
* * * LOW HITPOINT WARNING * * *
Unknown command.
You closely miss Jessica.
Jessica is heavily wounded.
Jessica barely misses you. Jessica hits you with a +0 club.
* * * LOW HITPOINT WARNING * * *
Throw: 3 boomerangs (disperse)
Press: ? - help, Shift-Dir - straight line, f/p - Jessica
Aim: Jessica, wielding a +0 club and wearing a +0 robe (heavily wounded, fast, 57% to hit)
You throw a boomerang of dispersal.
The boomerang of dispersal barely misses Jessica.
Jessica hits you with a +0 club.
You die...

### # #.. #.
#.# ## #.# #.#
.. #.# #.###.
#. #.##.....
#..####...###
#.....@@....#
##.####..##.#
# #..##.#
#..##.#######
#..##.......#
#..########.##
##..# ##...##
...#
##.....###
#..#
#.........


You could see Jessica (fast).

Vanquished Creatures
  A dart slug (D:2)
  2 ball pythons
  2 bats (D:1)
  An endoplasm (D:2)
  A giant cockroach (D:1)
  2 goblins
  A quokka (D:1)
  A frilled lizard (D:1)
  A kobold (D:1)
  3 rats
15 creatures vanquished.

Vanquished Creatures (others)
  3 toadstools (D:1)
3 creatures vanquished.

Grand Total: 18 creatures vanquished

Notes
Turn   | Place    | Note
-------+----------+-------------------------------------------
     0 | D:1      | lunkers the Djinni Warper began the quest for the Orb.
     0 | D:1      | Reached XP level 1. HP: 18/18 MP: 0/0
   258 | D:1      | Reached XP level 2. HP: 18/23 MP: 0/0
   992 | D:2      | Reached skill level 3 in Unarmed Combat
  1122 | D:2      | Noticed Jessica
  1142 | D:2      | HP: 1/23 [Jessica (5)]
  1143 | D:2      | Slain by Jessica

Illustrated notes

Levels and vault maps discovered:
D:1:      dpeg_arrival_long_road, layout_loops_cross,
          chequers_serial_rivers_marsh, ebering_dispersal_statue_hall,
          minmay_misc_feat_room, minmay_gold_behind_fungi, due_unseen_surprise
D:2:      layout_loops_ring, dreamdust_ecumenical_altar_statues, uniq_sigmund,
          uniq_jessica

Skill      XL: |  1  2 |
---------------+-------+-----
Unarmed Combat | 3 |  3.2
Fighting       | |  2.0
Throwing       | |  0.7
Armour         | |  1.0
Dodging        | |  2.1
Spellcasting   | |  2.4

Action                   || total
-------------------------++-------
Melee: Unarmed           ||    79
Throw: Stone             ||    15
       Boomerang         ||     3
Armor: Leather armour    ||    11
       Ring mail         ||    10
Dodge: Dodged            ||    43
Block: Buckler           ||     9

Table legend: (Time is in decaauts)
 A = Elapsed time spent in this place.
 B = Non-inter-level travel time spent in this place.
 C = Inter-level travel time spent in this place.
 D = Time resting spent in this place.
 E = Time spent auto-exploring this place.
 F = Levels seen in this place.
 G = Mean time per level.
                   A        B        C        D        E       F      G
               +--------+--------+--------+--------+--------+-----+--------+
         Total |   1147 |   1137 |     10 |      0 |    932 |   2 |  573.5 |
       Dungeon |   1147 |   1137 |     10 |      0 |    932 |   2 |  573.5 |
               +--------+--------+--------+--------+--------+-----+--------+

Top non-repeatable levels by time:
     D:1: 978 daAuts
     D:2: 168 daAuts
